 Dungeon Crawl Stone Soup version 0.17.1-3-g152610e (webtiles) character file.

171 Gargoyl the Skirmisher (level 5, -4/42 HPs)
             Began as a Demonspawn Abyssal Knight on Feb 20, 2016.
             Was a Priest of Lugonu.
             Slain by a sky beast (6 damage)
             ... on level 3 of the Dungeon.
             The game lasted 00:07:08 (3910 turns).

Gargoyl the Skirmisher (Demonspawn Abyssal Knight)  Turns: 3910, Time: 00:07:08

Health: -4/42      AC: 15    Str: 18      XL:     5   Next: 26%
Magic:  7/7        EV:  7    Int: 11 (14) God:    Lugonu [***...]
Gold:   179        SH:  2    Dex: 12      Spells: 0 memorised, 4 levels left

rFire  + . .     SeeInvis .     a - +1 hand axe
rCold  . . .     Clarity  .     v - +1 chain mail
rNeg   . . .     SustAt   .     (no shield)
rPois  .         Gourm    .     m - +0 helmet
rElec  .         Spirit   .     (no cloak)
rCorr  .         Warding  .     (no gloves)
rMut   .         Stasis   .     g - +1 pair of boots
MR     .....                    e - amulet of faith
Stlth  ..........               (no ring)
                                (no ring)

@: mighty, not resistant to hostile enchantments, extremely unstealthy
A: large bone plates 1, fire resistance 1
a: Depart the Abyss, Bend Space, Banish, Renounce Religion


You were on level 3 of the Dungeon.
You worshipped Lugonu.
Lugonu was most pleased with you.
You were not hungry.

You visited 1 branch of the dungeon, and saw 4 of its levels.
You visited the Abyss 1 time.

You collected 179 gold pieces.

Inventory:

Hand Weapons
 a - a +1 hand axe (weapon)
Armour
 g - a +1 pair of boots (worn)
 m - a +0 helmet (worn)
 v - a +1 chain mail (worn)
Jewellery
 e - an amulet of faith (around neck)
Scrolls
 d - a scroll of remove curse
 f - a scroll of teleportation
 i - a scroll of identify
Potions
 b - a potion of might
 k - 2 potions of curing {unknown}
 l - a potion of flight {unknown}
 o - a potion of brilliance {unknown}
 r - a potion of heal wounds {unknown}
Comestibles
 c - 3 bread rations
 j - 2 royal jellies
 n - a beef jerky
 p - a chunk of flesh
 q - a slice of pizza
 t - a meat ration
 u - a fruit


   Skills:
 + Level 4.0 Fighting
 + Level 2.5 Axes
 + Level 3.3 Armour
 + Level 1.8 Dodging
 + Level 0.2 Stealth
 + Level 2.7 Invocations


You had 4 spell levels left.
You didn't know any spells.

Dungeon Overview and Level Annotations

Branches:
Dungeon (4/15)
 Temple: D:4-7

Altars:
Fedhas
Vehumet

Annotations:
D:4 Pikel


Innate Abilities, Weirdness & Mutations

You are partially covered in large bone plates (AC +2, SH +2).
Your flesh is heat resistant.


Message History

The sky beast hits you but does no damage.
You hit the sky beast.
The sky beast is severely wounded.
The sky beast flickers out of sight!
Deactivating autopickup; reactivate with Ctrl-A.
Something hits you.
* * * LOW HITPOINT WARNING * * *
Something shocks you.
* * * LOW HITPOINT WARNING * * *
You miss something. Something hits you but does no damage.
You miss something. Something hits you but does no damage.
You block its attack.
You miss something. Something hits you but does no damage.
You hit something. Something hits you but does no damage.
Your chain mail prevents you from hitting something.
You block its attack.
You barely miss something. Something hits you.
* * * LOW HITPOINT WARNING * * *
Something shocks you.
You die...

#.# #.# #.# #.. #.#
#.# #{# ######## #@#
.<.....## #.#
........# #.#######
######..### ##...>....
#
###.....#####...######
# #................# #
#.#..)..#####...##
###.#.....# ##.##
........### #.#


There were no monsters in sight!

Vanquished Creatures
  A slave (D:3)
  11 adders
  2 worms
  A giant gecko (D:1)
  4 ball pythons
  7 bats
  4 giant cockroaches
  6 hobgoblins
  9 jackals
  6 kobolds
  3 giant newts (D:2)
  6 goblins
  8 rats
68 creatures vanquished.

Notes
Turn   | Place    | Note
--------------------------------------------------------------
     0 | Abyss:1  | Gargoyl the Demonspawn Abyssal Knight began the quest for the Orb.
     0 | Abyss:1  | Reached XP level 1. HP: 18/18 MP: 2/2
   122 | Abyss:1  | Noticed a tentacled starspawn
   173 | Abyss:1  | Noticed a wolf spider simulacrum
   182 | Abyss:1  | Noticed a demonic crawler
   186 | D:1      | Escaped the Abyss
   236 | D:1      | Reached * piety under Lugonu
   467 | D:1      | Gained mutation: Your flesh is heat resistant. [demonic ancestry]
   467 | D:1      | Reached XP level 2. HP: 22/24 MP: 3/3
  1173 | D:2      | Reached skill level 1 in Dodging
  1243 | D:2      | Reached ** piety under Lugonu
  1250 | D:2      | Gained mutation: You are partially covered in large bone plates (AC +2, SH +2). [demonic ancestry]
  1250 | D:2      | Reached XP level 3. HP: 15/29 MP: 5/5
  1498 | D:2      | You fall through a shaft for 2 floors!
  1498 | D:4      | Noticed Pikel
  1498 | D:4      | Noticed a slave
  1498 | D:4      | Noticed a slave
  1498 | D:4      | Noticed a slave
  1498 | D:4      | Noticed a slave
  1523 | D:3      | Killed a slave
  2112 | D:2      | Found a blossoming altar of Fedhas.
  2338 | D:2      | Reached XP level 4. HP: 27/37 MP: 6/6
  2780 | D:2      | Found a radiant altar of Vehumet.
  3353 | D:2      | Reached skill level 4 in Fighting
  3402 | D:2      | Reached *** piety under Lugonu
  3402 | D:2      | Reached XP level 5. HP: 39/42 MP: 7/7
  3875 | D:3      | Noticed a sky beast
  3904 | D:3      | HP: 2/42 [something (5)]
  3910 | D:3      | HP: 2/42 [something (1)]
  3910 | D:3      | Slain by a sky beast

Action                   |  1- 3 |  4- 6 || total
-------------------------+-------+-------++-------
Melee: Hand axe          |   141 |   164 ||   305
Invok: Depart the Abyss  |     1 |       ||     1
  Use: Scroll            |     3 |     3 ||     6
       Potion            |     2 |     2 ||     4
  Eat: Chunk             |     5 |     5 ||    10
